 Dungeon Crawl Stone Soup version 0.30-b1-2-g02819fbbbe (webtiles) character file.

Game seed: 16014101241135804131

163298 LLlMATKO the Warrior (level 17, -7/162 HPs)
             Began as a Minotaur Berserker on Oct 12, 2023.
             Was the Champion of Trog.
             Killed by the air
             ... invoked by a wind drake
              (16 damage)
             ... on level 4 of the Shoals.
             The game lasted 00:36:31 (27760 turns).

LLlMATKO the Warrior (Minotaur Berserker)          Turns: 27760, Time: 00:36:31

Health: -7/162     AC: 38    Str: 30    XL:     17   Next: 23%
Magic:  16/16      EV: 15    Int:  4    God:    Trog [******]
Gold:   4432       SH: 19    Dex: 14    Spells: 16/16 levels left

rFire   . . .        N - +10 war axe of Trog's Inspiration {heavy, Dex+2 Stlth+}
rCold   + . .        X - +0 kite shield
rNeg    . . .        o - +15 Maxwell's patent armour {-Cast -Tele rElec Will+ rCorr}
rPois   +            Y - +0 hat
rElec   +            T - +1 cloak of Opseno Cats {Drain Fly rPois Str+2}
rCorr   +            (no gloves)
SInv    .            j - +0 pair of boots
Will    +++..        S - amulet of reflection Stlth
                     O - ring of willpower
HPRegen 0.47/turn    F - ring of protection from cold
MPRegen 0.15/turn

%: no teleportation, no spellcasting, reflection
@: lethally poisoned (-7 -> -17), on berserk cooldown, flying
A: horns 2, retaliatory headbutt, shaggy fur 1
a: Renounce Religion, Berserk, Trog's Hand, Brothers in Arms


You were on level 4 of the Shoals.
You worshipped Trog.
Trog was exalted by your worship.
You visited 4 branches of the dungeon, and saw 26 of its levels.
You also visited: Sewer, Ossuary, Gauntlet and Ice Cave.

You collected 4432 gold pieces.

Inventory:

Hand Weapons
 a - the +4 war axe of the Crawling Thing {flame, SInv Stlth+}
   (Trog gifted it to you on level 5 of the Lair of Beasts)

   SInv:      It lets you see invisible.
   Stlth:     It makes you more stealthy.
 p - a +1 vampiric war axe
 N - the +10 war axe of Trog's Inspiration (weapon) {heavy, Dex+2 Stlth+}
   (Trog gifted it to you on level 3 of the Lair of Beasts)

   Dex:       It affects your dexterity (+2).
   Stlth:     It makes you more stealthy.
Missiles
 u - 53 poisoned darts (quivered)
 M - 5 throwing nets
Armour
 j - a +0 pair of boots (worn)
 o - the +15 Maxwell's patent armour (worn) {-Cast -Tele rElec Will+ rCorr}
   (You acquired it on level 5 of the Dungeon)

   rElec:     It insulates you from electricity.
   -Cast:     It prevents spellcasting.
   -Tele:     It prevents most forms of teleportation.
   rCorr:     It protects you from acid and corrosion.
   Will:      It increases your willpower.
 q - the +10 chain mail "Riad" {rPois Will+ Str+5}
   (You found it on level 6 of the Dungeon)

   Str:       It affects your strength (+5).
   rPois:     It protects you from poison.
   Will:      It increases your willpower.
 T - the +1 cloak of Opseno Cats (worn) {Drain Fly rPois Str+2}
   (You found it in a Gauntlet)

   Str:       It affects your strength (+2).
   rPois:     It protects you from poison.
   Fly:       It grants you flight.
   Drain:     It drains your maximum health when unequipped.
 X - a +0 kite shield (worn)
 Y - a +0 hat (worn)
Jewellery
 i - a +5 ring of evasion
 k - a +5 ring of evasion
 m - an amulet of magic regeneration
 s - a ring of see invisible
 B - a ring of flight
 F - a ring of protection from cold (right hand)
 O - a ring of willpower (left hand)
 S - an amulet of reflection (around neck)
 U - a ring of protection from fire
 V - a ring of protection from fire
Wands
 v - a wand of polymorph (8)
 w - a wand of mindburst (60)
 A - a wand of quicksilver (30)
 G - a wand of roots (18)
 H - a wand of digging (13)
 L - a wand of flame (6)
 W - a wand of charming (11)
Scrolls
 b - 3 scrolls of fog
 c - 3 scrolls of enchant weapon
 d - 3 scrolls of magic mapping
 e - 5 scrolls of identify
 g - 4 scrolls of noise
 h - 4 scrolls of blinking
 t - 12 scrolls of teleportation
 x - 6 scrolls of butterflies
 y - 4 scrolls of enchant armour
 K - 3 scrolls of poison
 Q - 2 scrolls of brand weapon
Potions
 f - 8 potions of magic
 l - 6 potions of haste
 n - a potion of berserk rage
 r - 3 potions of cancellation
 z - 7 potions of flight
 C - 2 potions of invisibility
 D - 17 potions of curing
 J - 7 potions of heal wounds
 P - 3 potions of might {unknown}
 R - 2 potions of resistance {unknown}


   Skills:
 + Level 17.6 Fighting
 + Level 17.5 Axes
 + Level 17.3 Armour
 + Level 16.0 Dodging
 + Level 16.1 Shields


You had 16 spell levels left.
You didn't know any spells.
Your spell library was empty.

Dungeon Overview and Level Annotations

Branches:
Dungeon (15/15)            Temple (0/1) D:5            Lair (5/5) D:8
 Shoals (4/4) Lair:2        Snake (0/4) Lair:3        Slime (0/5) Lair:5
    Orc (2/2) D:11            Elf (0/3) Orc:2        Vaults (0/5) D:14
 Depths (0/4) D:15          Sewer (visited)         Ossuary (visited)
  IceCv (visited)         Gauntlet (visited)

Altars:
Hepliaklqana
Kikubaaqudgha
Makhleb
Nemelex Xobeh
Okawaru
Vehumet
Wu Jian
Yredelemnul
Jiyva

Shops:
D:6 (   D:9 [   D:10 [   D:12 *   Orc:1 ?   Orc:2 =(**   Shoals:4 [

Portals:
Abyss: Lair:2
Pandemonium: Orc:2

Annotations:
D:11 1 runed translucent door


Innate Abilities, Weirdness & Mutations

You have a pair of horns on your head.
You reflexively headbutt those who attack you in melee.
You are covered in fur. (AC +1)


Message History

You feel yourself speed up.
You feel sick.
The merfolk impaler hits you but does no damage.
The wind drake flaps its wings at you. The air twists around and strikes you!!
* * * LOW HITPOINT WARNING * * *
The merfolk impaler misses you. You furiously retaliate!
You headbutt the merfolk impaler! You miss the merfolk impaler.
You headbutt the merfolk impaler, but do no damage.
The merfolk impaler is almost dead.
You barely miss the wind drake.
You feel sick.
You are no longer poisoned.
You block the merfolk impaler's attack. The wind drake barely misses you.
You furiously retaliate!
You headbutt the wind drake! You barely miss the merfolk impaler.
The merfolk impaler is almost dead.
You closely miss the wind drake.
The merfolk impaler hits you but does no damage.
You are poisoned.
The wind drake bites you but does no damage.
The merfolk impaler hits you with a +1 trident of venom!
* * * LOW HITPOINT WARNING * * *
You are lethally poisoned!
You slash the merfolk impaler!
You kill the merfolk impaler!
Trog accepts your kill.
You hear a splash. x2
You slash the wind drake!
* * * LOW HITPOINT WARNING * * *
You feel extremely sick.
The wind drake exhales a fierce blast of wind!
You are knocked back by the gust of wind.
* * * LOW HITPOINT WARNING * * *
You feel very sick.
* * * LOW HITPOINT WARNING * * *
You feel very sick. The wind drake flaps its wings at you.
The air twists around and strikes you!
You die...

,,,,...PP.....#,.≈≈≈≈#
~~~....PP~...~##.≈≈≈≈#
~~~~...PP##....#≈≈≈≈≈#
~~~~.....PP.[#.)≈≈≈≈≈#
~~~~~~~~≈P..)#..≈≈≈≈≈#
≈≈≈≈≈≈≈≈≈≈≈≈≈≈≈.....≈#
≈≈≈≈≈≈≈≈≈≈≈≈≈≈≈≈≈≈≈.≈#
≈≈≈≈≈≈≈≈≈≈≈≈≈≈.k....≈#
≈≈≈≈≈≈≈≈≈≈≈≈≈≈≈≈@≈≈≈≈#
≈≈≈≈≈≈≈≈≈≈≈≈≈≈≈≈≈≈≈≈≈#
≈≈≈≈≈≈≈≈≈≈≈≈≈≈≈≈≈≈≈≈≈#
≈≈≈≈≈≈≈≈≈≈≈≈≈≈≈≈≈≈≈≈≈#
######################


You could see a wind drake (repels missiles).

Vanquished Creatures
  Jorgrun (D:15)
  A lich (D:11)
  Frances (Shoals:1)
  Polyphemus (Shoals:2)
  2 krakens
  Roxanne (Shoals:2)
  A fire giant (D:11)
  A war gargoyle (D:11)
  A reaper (IceCv)
  A minotaur (Gauntlet)
  2 dire elephants (Lair:5)
  Azrael (D:13)
  An entropy weaver (Gauntlet)
  4 merfolk javelineers
  7 merfolk impalers
  Harold (D:9)
  A great orb of eyes (Gauntlet)
  A rakshasa (D:14)
  3 demonspawn (Orc:2)
  2 ice dragons (D:15)
  5 hydras
  A catoblepas (Shoals:2)
  4 vault guards (D:14)
  2 centaur warriors (D:15)
  2 merfolk avatars
  2 merfolk aquamancers
  2 satyrs
  The ghost of mavignon the Eclecticist, a journeyman DEEE of Vehumet (Lair:2)
  4 two-headed ogres
  Erica (D:8)
  6 boulder beetles
  A tengu warrior (D:15)
  A hell hog (Lair:2)
  A spectral dire elephant (Lair:5)
  4 death yaks
  6 orc high priests (Orc:2)
  Urug (D:13)
  A spriggan (Lair:2)
  A sixfirhy (Orc:2)
  A spectral anaconda (Lair:5)
  3 skysharks
  Sonja (D:13)
  3 skeletal warriors (D:11)
  6 sea snakes
  An obsidian statue (Lair:5)
  A lindwurm (Lair:3)
  4 orc knights (Orc:2)
  5 necromancers
  A wizard (D:14)
  9 harpies (Shoals:2)
  4 oklob plants (Lair:5)
  6 deep elf pyromancers
  20 ugly things
  6 orc sorcerers
  A cyclops (Shoals:3)
  16 fauns
  14 manticores
  A worldbinder (Lair:2)
  22 elephants
  10 merfolk sirens
  Joseph (D:9)
  A cyclops (shapeshifter) (D:13)
  An ice statue (IceCv)
  8 water nymphs
  3 black mambas
  A smoke demon (Gauntlet)
  7 cane toads
  A gargoyle (D:11)
  A dire elephant skeleton (Lair:5)
  A rime drake (shapeshifter) (D:14)
  2 unseen horrors
  A tengu conjurer (D:15)
  An efreet (D:9)
  5 komodo dragons
  Maggie (D:7)
  An ice devil (Orc:2)
  An anaconda simulacrum (IceCv)
  2 kobold demonologists
  11 merfolk
  A red devil (Lair:2)
  3 trolls
  8 polar bears
  12 wind drakes
  2 hornets
  8 dream sheep
  A jumping spider (shapeshifter) (D:15)
  6 snapping turtles
  11 blink frogs
  20 slime creatures
  A vampire (D:8)
  2 centaur simulacra
  10 water elementals
  4 wraiths
  2 ynoxinuls (Orc:2)
  9 wyverns
  3 fire elementals (D:13)
  A dire elephant simulacrum (IceCv)
  4 basilisks
  A hog (D:7)
  6 death yak simulacra
  55 yaks
  2 steam dragons
  4 vampire mosquitoes (D:14)
  A warg (Orc:2)
  2 harpy simulacra (IceCv)
  3 acid dragons
  2 spectral cane toads (Lair:5)
  3 hell hounds (D:13)
  Duvessa (D:5)
  10 water moccasins
  2 black bears (D:7)
  28 orc warriors
  A sky beast (D:7)
  4 elephant zombies (Lair:5)
  2 elephant skeletons (Lair:5)
  9 ogres
  5 boggarts
  An ogre (shapeshifter) (D:11)
  15 wolves
  3 centaurs
  3 kobold brigands
  Blork the orc (D:6)
  2 bullfrogs (Lair:1)
  A cane toad simulacrum (IceCv)
  4 necrophages (D:8)
  5 scorpions
  9 water moccasin zombies (Ossuary)
  2 two-headed ogre simulacra (IceCv)
  7 wights
  Dowan (D:5)
  5 elephant simulacra
  19 killer bees
  3 howler monkeys
  2 electric eels (D:10)
  3 crimson imps (Gauntlet)
  2 centaur zombies
  28 orc priests
  4 hounds
  2 jellies
  A gnoll bouda (D:7)
  A human zombie (D:8)
  5 iguanas
  A sleepcap (D:5)
  18 orc wizards
  A boggart zombie (D:11)
  5 troll simulacra (IceCv)
  4 polar bear simulacra (IceCv)
  9 spriggan simulacra (IceCv)
  3 wolf simulacra (IceCv)
  A killer bee zombie (D:8)
  4 mummies
  A howler monkey zombie (D:8)
  8 gnolls
  3 naga simulacra (IceCv)
  7 adders
  6 river rats (Sewer)
  7 white imps
  7 ufetubi
  8 adder zombies (Ossuary)
  2 dart slugs (D:3)
  109 orcs
  3 endoplasms
  4 giant cockroaches
  5 goblins
  3 hobgoblins
  8 jackals
  8 quokkas
  6 ball pythons
  5 bats
  8 frilled lizards
  3 gnoll zombies (Ossuary)
  A hobgoblin zombie (Ossuary)
  12 kobolds
  4 kobold zombies (Ossuary)
  7 orc zombies (Ossuary)
  11 rats
  7 tentacles
942 creatures vanquished.

Vanquished Creatures (collateral kills)
  The ghost of Tommers the Thaumaturge, a journeyman OpFE (D:11)
  A cyclops (D:14)
  An ugly thing (Gauntlet)
  A freezing wraith (D:14)
  2 jumping spiders (Gauntlet)
6 creatures vanquished.

Vanquished Creatures (others)
  A merfolk impaler (Shoals:4)
  A death yak (Shoals:2)
  13 demonic plants (Gauntlet)
  14 fungi
  134 plants
  10 tentacles
  13 withered plants (Lair:5)
186 creatures vanquished.

Grand Total: 1134 creatures vanquished

Notes
Turn   | Place    | Note
-------+----------+-------------------------------------------
     0 | D:1      | LLlMATKO the Minotaur Berserker began the quest for the
                  | Orb.
     0 | D:1      | Reached XP level 1. HP: 19/19 MP: 0/0
   493 | D:2      | Reached XP level 2. HP: 27/27 MP: 1/1
   629 | D:2      | Found a faded altar of an unknown god.
  1014 | D:3      | Reached XP level 3. HP: 33/33 MP: 2/2
  1096 | D:3      | Reached ** piety under Trog
  1097 | D:3      | Reached XP level 4. HP: 40/40 MP: 3/3
  1345 | D:3      | Noticed an ogre
  1351 | D:3      | Killed an ogre
  1352 | D:3      | Reached XP level 5. HP: 44/47 MP: 4/4
  2378 | D:4      | Reached skill level 5 in Fighting
  2378 | D:4      | Reached skill level 5 in Axes
  2415 | D:4      | Found a glowing drain.
  2446 | Sewer    | Entered a sewer
  2461 | Sewer    | Reached XP level 6. HP: 48/56 MP: 5/5
  2738 | Sewer    | Reached *** piety under Trog
  3654 | D:5      | Entered Level 5 of the Dungeon
  3661 | D:5      | Identified a scroll of acquirement
  3661 | D:5      | Acquired the +15 Maxwell's patent armour {-Cast -Tele rElec
                  | Will+ rCorr}
  3661 | D:5      | Found the +15 Maxwell's patent armour {-Cast -Tele rElec
                  | Will+ rCorr}
  3690 | D:5      | Reached skill level 5 in Armour
  3690 | D:5      | Reached XP level 7. HP: 58/62 MP: 6/6
  3761 | D:5      | Found an ornate altar of the Wu Jian Council.
  3790 | D:5      | Noticed Dowan
  3799 | D:5      | Noticed Duvessa
  3806 | D:5      | Killed Dowan
  3809 | D:5      | Killed Duvessa
  3810 | D:5      | Reached skill level 5 in Dodging
  3848 | D:5      | Found a sand-covered staircase.
  3857 | Ossuary  | Entered an ossuary
  3929 | Ossuary  | Reached XP level 8. HP: 60/71 MP: 7/7
  4018 | Ossuary  | Reached **** piety under Trog
  4350 | D:5      | Found a staircase to the Ecumenical Temple.
  4763 | D:6      | Found Dutin's Weapon Boutique.
  4834 | D:6      | Reached skill level 1 in Shields
  4927 | D:6      | Reached XP level 9. HP: 81/81 MP: 8/8
  5005 | D:6      | Identified the +10 chain mail "Riad" {rPois Will+ Str+5}
  5180 | D:6      | Found a basalt altar of Yredelemnul.
  5180 | D:6      | Found a sparkling altar of Nemelex Xobeh.
  5275 | D:6      | Noticed Blork the orc
  5283 | D:6      | Killed Blork the orc
  5341 | D:6      | Killed an unseen horror
  5709 | D:7      | Noticed Maggie
  5717 | D:7      | Killed Maggie
  6030 | D:7      | Found a huge runed translucent gate.
  6031 | D:7      | Noticed a polar bear
  6038 | D:7      | Found a huge runed translucent gate.
  6038 | D:7      | Noticed a polar bear
  6039 | D:7      | Found a huge runed translucent gate.
  6123 | D:7      | Found a huge runed translucent gate.
  6123 | D:7      | Noticed a polar bear
  6124 | D:7      | Noticed a polar bear
  6124 | D:7      | Noticed a polar bear
  6124 | D:7      | Noticed a polar bear
  6529 | D:8      | Reached ***** piety under Trog
  6557 | D:8      | Noticed a two-headed ogre
  6563 | D:8      | Killed a two-headed ogre
  6564 | D:8      | Reached skill level 5 in Shields
  6564 | D:8      | Reached XP level 10. HP: 89/91 MP: 9/9
  7009 | D:8      | Found a staircase to the Lair.
  7273 | D:8      | Noticed Erica
  7283 | D:8      | Killed Erica
  7286 | D:8      | Reached skill level 10 in Axes
  7345 | D:8      | Reached skill level 10 in Fighting
  7422 | D:8      | Identified the +6 rapier of Departure {flame, Str+2} (Trog
                  | gifted it to you on level 8 of the Dungeon)
  7422 | D:8      | Received a gift from Trog
  7496 | D:8      | Found an ancient bone altar of Kikubaaqudgha.
  7714 | D:9      | Noticed Joseph
  7724 | D:9      | Killed Joseph
  7845 | D:9      | Reached XP level 11. HP: 96/100 MP: 10/10
  7893 | D:9      | Reached skill level 10 in Armour
  7991 | D:9      | Found Eqoun's Armour Shoppe.
  8036 | D:9      | Noticed Harold
  8057 | D:9      | Killed Harold
  8661 | D:10     | Entered Level 10 of the Dungeon
  8664 | D:10     | Found a large runed translucent door.
  8664 | D:10     | Found a large runed translucent door.
  8703 | D:10     | Noticed a two-headed ogre
  8711 | D:10     | Killed a two-headed ogre
  8874 | D:10     | Found Enenor's Armour Boutique.
  9160 | D:10     | Found a radiant altar of Vehumet.
  9162 | D:10     | Noticed a two-headed ogre
  9174 | D:10     | Killed a two-headed ogre
  9238 | D:10     | Found a hazy altar of Hepliaklqana.
  9257 | D:10     | Found an iron altar of Okawaru.
  9363 | Lair:1   | Entered Level 1 of the Lair of Beasts
  9374 | Lair:1   | Reached skill level 10 in Dodging
  9506 | Lair:1   | Reached XP level 12. HP: 101/110 MP: 11/11
 10283 | Lair:2   | Found a transporter.
 10311 | Lair:2   | Found a transporter.
 10495 | Lair:2   | Noticed mavignon's ghost (journeyman DEEE)
 10677 | Lair:2   | Reached ****** piety under Trog
 10683 | Lair:2   | Found a staircase to the Shoals.
 10775 | Lair:2   | Noticed a hell hog
 11144 | Lair:3   | Identified the +10 war axe of Trog's Inspiration {heavy,
                  | Dex+2 Stlth+} (Trog gifted it to you on level 3 of the Lair
                  | of Beasts)
 11144 | Lair:3   | Received a gift from Trog
 11292 | Lair:3   | Found a gate leading to a gauntlet.
 11303 | Gauntlet | Entered a Gauntlet
 11303 | Gauntlet | Found a transporter.
 11303 | Gauntlet | Found a transporter.
 11304 | Gauntlet | Found a transporter.
 11304 | Gauntlet | Found a transporter.
 11307 | Gauntlet | Found a transporter.
 11307 | Gauntlet | Found a transporter.
 11317 | Gauntlet | Noticed a great orb of eyes
 11321 | Gauntlet | Found a transporter.
 11335 | Gauntlet | Noticed an entropy weaver
 11337 | Gauntlet | Found a transporter.
 11338 | Gauntlet | Found a transporter.
 11355 | Gauntlet | Found a transporter.
 11359 | Gauntlet | Found a transporter.
 11431 | Gauntlet | Found a transporter.
 11501 | Gauntlet | Reached skill level 10 in Shields
 11541 | Gauntlet | Killed a great orb of eyes
 11588 | Gauntlet | Identified the +1 cloak of Opseno Cats {Drain Fly rPois
                  | Str+2}
 11646 | Gauntlet | Killed an entropy weaver
 11739 | Gauntlet | Identified the +4 plate armour of the Miller {Rampage
                  | rElec}
 11739 | Gauntlet | Noticed a minotaur
 11754 | Gauntlet | Killed a minotaur
 11759 | Gauntlet | Identified the +7 mace of Dithmenos, Hungering {freeze,
                  | Dex+9}
 11779 | Lair:3   | Found a staircase to the Snake Pit.
 11936 | Lair:3   | Reached XP level 13. HP: 119/119 MP: 12/12
 12343 | Lair:4   | Found a frozen archway.
 12353 | IceCv    | Entered an ice cave
 12619 | IceCv    | Noticed a reaper
 12631 | IceCv    | Killed a reaper
 12719 | IceCv    | Found the +4 skin of Zhor {*Englaciate rC+++ SInv}
 13169 | Lair:4   | Identified the +0 scale mail "Aschius" {Int+2 SInv}
 13625 | Lair:5   | Entered Level 5 of the Lair of Beasts
 13874 | Lair:5   | Found a staircase to the Slime Pits.
 13954 | Lair:5   | Found a viscous altar of Jiyva.
 14180 | Lair:5   | Identified the +4 war axe of the Crawling Thing {flame,
                  | SInv Stlth+} (Trog gifted it to you on level 5 of the Lair
                  | of Beasts)
 14180 | Lair:5   | Received a gift from Trog
 14399 | Lair:5   | Noticed a dire elephant
 14399 | Lair:5   | Noticed a dire elephant
 14405 | Lair:5   | Killed a dire elephant
 14626 | Lair:5   | Reached XP level 14. HP: 129/130 MP: 13/13
 15820 | D:11     | Found a staircase to the Orcish Mines.
 15918 | D:11     | Found a runed translucent door.
 15956 | D:11     | Noticed Tommers's ghost (journeyman OpFE)
 15956 | D:11     | Noticed a war gargoyle
 16061 | D:11     | Found a runed translucent door.
 16061 | D:11     | Noticed a fire giant
 16064 | D:11     | Noticed a lich
 16180 | D:11     | Found a basalt altar of Yredelemnul.
 16525 | D:7      | Received a gift from Trog
 16658 | Lair:2   | Found a one-way gate to the infinite horrors of the Abyss.
 16668 | Lair:2   | Killed mavignon's ghost
 16905 | D:11     | Killed Tommers's ghost
 16909 | D:11     | Killed a lich
 16914 | D:11     | Killed a fire giant
 16919 | D:11     | Killed a war gargoyle
 16922 | D:11     | Reached skill level 15 in Fighting
 17041 | D:12     | Reached skill level 15 in Axes
 17364 | D:12     | Found Tatryg's Assorted Antiques.
 17931 | D:13     | Noticed Urug
 17937 | D:13     | Killed Urug
 17938 | D:13     | Reached XP level 15. HP: 141/141 MP: 14/14
 17952 | D:13     | Noticed Sonja
 17957 | D:13     | Killed Sonja
 17972 | D:13     | Noticed Azrael
 17987 | D:13     | Killed Azrael
 17994 | D:13     | Reached skill level 15 in Armour
 18758 | Orc:1    | Entered Level 1 of the Orcish Mines
 18773 | Orc:1    | Found an iron altar of Okawaru.
 18790 | Orc:1    | Found a burning altar of Makhleb.
 18968 | Orc:1    | Found Jotepaf's Magic Scroll Shoppe.
 19027 | Orc:2    | Entered Level 2 of the Orcish Mines
 19183 | Orc:2    | Found a staircase to the Elven Halls.
 19191 | Orc:2    | Received a gift from Trog
 19431 | Orc:2    | Found Iqiloba's General Store.
 19448 | Orc:2    | Found Guavihul's General Store.
 20097 | Orc:2    | Gained mutation: You are covered in fur. (AC +1) [a
                  | neqoxec]
 20410 | Orc:2    | Found Riest's Antique Weapon Shoppe.
 20410 | Orc:2    | Found Idefe's Jewellery Emporium.
 20411 | Orc:2    | Found a one-way gate leading to the halls of Pandemonium.
 20729 | D:14     | Found a gate to the Vaults.
 21119 | D:14     | Acquired 857 gold pieces
 21121 | D:14     | Acquired 867 gold pieces
 21190 | D:14     | Received a gift from Trog
 21537 | D:15     | Entered Level 15 of the Dungeon
 21580 | D:15     | Noticed Jorgrun
 21586 | D:15     | Killed Jorgrun
 21715 | D:15     | Reached XP level 16. HP: 140/151 MP: 15/15
 22339 | D:15     | Reached skill level 15 in Dodging
 22386 | D:15     | Found a staircase to the Depths.
 22787 | Shoals:1 | Entered Level 1 of the Shoals
 23070 | Shoals:1 | Reached skill level 15 in Shields
 23565 | Shoals:1 | Noticed Frances
 23575 | Shoals:1 | Killed Frances
 23945 | Shoals:2 | Noticed Roxanne
 24124 | Shoals:2 | Noticed a kraken
 24130 | Shoals:2 | Received a gift from Trog
 24134 | Shoals:2 | Killed a kraken
 24295 | Shoals:2 | Noticed Polyphemus
 24590 | Shoals:2 | Killed Polyphemus
 25003 | Shoals:2 | Killed Roxanne
 26318 | Shoals:3 | Noticed a kraken
 26326 | Shoals:3 | Killed a kraken
 26377 | Shoals:3 | Reached XP level 17. HP: 157/161 MP: 16/16
 26643 | Shoals:4 | Entered Level 4 of the Shoals
 26873 | Shoals:4 | Received a gift from Trog
 27600 | Shoals:4 | Identified the staff of conjuration "Jayvam" {rC+ Dex+3}
 27603 | Shoals:4 | Found Jokurrij's Antique Armour Boutique.
 27760 | Shoals:4 | Killed from afar by a wind drake

Illustrated notes

Levels and vault maps discovered:
D:1:      roderic_crossed_star, layout_rooms
D:2:      layout_rooms, basic_ecumenical_altar, minmay_domino_2
D:3:      layout_loops_corners, hex_medium, minmay_strange_pillars
D:4:      layout_loops_ring, portal_sewer_entry_f
D:5:      layout_loops_cross, nzn_wu_jian_council_hall,
          minmay_temple_entry_waves, gup_ossuary_entry_pyramid,
          kennysheep_generic_room_16, uniq_duvessa
D:6:      layout_basic, gammafunk_temple_overflow_wave, serial_shops, shop,
          uniq_blork_the_orc
D:7:      lemuel_bear_cage, layout_basic, minmay_misc_feat_rugged, uniq_maggie
D:8:      layout_cave_pods, lemuel_mausoleum_altar_kikubaaqudgha,
          lair_entry_dummy, special_room [special_room_orc], grunt_ministairs_7,
          minmay_microvault, uniq_erica
D:9:      layout_roguey [special_room_orc], serial_shops,
          nicolae_shop_scrapyard, minmay_three_doors, uniq_harold, uniq_joseph
D:10:     layout_basic, fiery_altar_vehumet, jmf_multi_god_temple2,
          serial_shops, nicolae_shop_real_fake_doors
D:11:     layout_roguey, orc_0_dummy, muffindrake_ghost_dual_entry,
          lemuel_zombie_altar_yredelemnul
D:12:     layout_layer_cave, serial_shops, shop
D:13:     layout_irregular_city, uniq_urug, uniq_sonja, uniq_azrael
D:14:     layout_long_grid, lightli_vaults_fourway_checkpoint,
          ebering_dispersal_statue_hall
D:15:     grunt_enter_depths_hoard, layout_loops_cross, roderic_serpentine_path,
          uniq_jorgrun
Lair:1:   layout_cave_pods, grunt_megastairs_4
Lair:2:   layout_gridlike, elwin_shoals_entry_rocks,
          gammafunk_ghost_abyssal_escape, lemuel_fruit_tree
Lair:3:   layout_hall_layers, dummy_snake_entry, gauntlet_entry_generic
Lair:4:   layout_misc_corridors, portal_ice_cave_entry_pillars_1
Lair:5:   due_jungle_book, layout_regular_city, minmay_slime_entry_oklob_open,
          infiniplex_staircase_pool
Shoals:1: layout_shoals, uniq_frances
Shoals:2: layout_shoals, uniq_polyphemus, uniq_roxanne
Shoals:3: layout_shoals
Shoals:4: shoals_end_grunt_garden, layout_shoals, serial_shops,
          nicolae_shop_hallway_plus
Orc:1:    layout_diamond_mine, serial_shops, nicolae_shop_rolled_up,
          basic_altar, okawaru_metal_pillars_3
Orc:2:    pf_orc_diabolical, layout_caves, basic_altar, nicolae_orc_rockfall,
          hangedman_feature_mirror

Skill      XL: |  1  2  3  4  5  6  7  8  9 10 11 12 13 14 15 16 17 |
---------------+----------------------------------------------------+-----
Fighting       | 4 5 6 7 9 10 11 12 13 15 16 17 | 17.6
Axes           | 4 5 6 7 9 10 11 12 13 15 16 17 | 17.5
Armour         | 3 4 5 7 8 9 11 12 13 14 16 17 | 17.3
Dodging        | 3 4 5 6 8 9 10 11 12 13 14 15 16 | 16.0
Shields        | 2 5 6 8 10 12 13 14 15 16 | 16.1

Action                     |  1- 3 |  4- 6 |  7- 9 | 10-12 | 13-15 | 16-18 || total
---------------------------+-------+-------+-------+-------+-------+-------++-------
  Melee: Hand axe          |    50 |     8 |       |       |       |       ||    58
         Headbutt          |    12 |    22 |    50 |   121 |   174 |    89 ||   468
         Punch             |     1 |     3 |     2 |     4 |       |       ||    10
         War axe           |       |   152 |   276 |   562 |   747 |   403 ||  2140
  Throw: Dart              |       |       |       |       |     1 |       ||     1
 Invoke: Berserk           |       |     1 |     4 |    11 |     9 |     1 ||    26
         Trog's Hand       |       |       |       |     6 |     6 |     1 ||    13
         Brothers in Arms  |       |       |       |     3 |     2 |       ||     5
    Use: Scroll            |       |    11 |       |     6 |    17 |     1 ||    35
   Stab: Distracted        |       |       |       |       |     1 |       ||     1
 Armour: Animal skin       |     3 |     1 |       |       |       |       ||     4
         Ring mail         |       |    60 |       |       |       |       ||    60
         Skin              |       |     5 |       |       |       |       ||     5
         Plate armour      |       |     2 |   269 |   208 |   412 |   233 ||  1124
         Chain mail        |       |       |       |   139 |       |       ||   139
  Dodge: Dodged            |    38 |    98 |   126 |   335 |   305 |   163 ||  1065
  Block: Buckler           |       |       |       |    90 |       |       ||    90
         Kite shield       |       |       |       |    15 |   682 |   391 ||  1088
         Reflection        |       |       |       |       |     9 |    36 ||    45
